 Dungeon Crawl Stone Soup version 0.22.1-2-g9c5b331 (webtiles) character file.

195 myga the Firebug (level 6, -4/43 HPs)
             Began as a Formicid Fire Elementalist on Dec 8, 2018.
             Killed from afar by an orc wizard (9 damage)
             ... with a magic dart
             ... on level 3 of the Dungeon.
             The game lasted 00:17:41 (3247 turns).

myga the Firebug (Formicid Fire Elementalist)       Turns: 3247, Time: 00:17:41

Health: -4/43      AC:  2    Str: 17    XL:     6   Next: 4%
Magic:  3/11       EV: 12    Int: 16    God:
Gold:   144        SH:  0    Dex: 12    Spells: 3/12 levels left

rFire    . . .     SeeInvis +   (no weapon)
rCold    . . .     Gourm    .   (no shield)
rNeg     . . .     Faith    .   l - +0 robe
rPois    .         Spirit   .   (helmet unavailable)
rElec    .         Reflect  .   (no cloak)
rCorr    .         Harm     .   (no gloves)
MR       .....                  (no boots)
Stlth    ++........             (no amulet)
HPRegen  0.14/turn              (no ring)
MPRegen  0.12/turn              (no ring)

@: mighty
A: permanent stasis, dig shafts and tunnels, four strong arms, antennae 3
a: Dig, Shaft Self


You were on level 3 of the Dungeon.
You were not hungry.

You visited 1 branch of the dungeon, and saw 3 of its levels.

You collected 144 gold pieces.

Inventory:

Armour
 e - a +0 robe
 l - a +0 robe (worn)
Scrolls
 a - a scroll of blinking {unknown}
 d - a scroll of remove curse
 f - a scroll of magic mapping {unknown}
 g - 3 scrolls of teleportation {unknown}
Potions
 i - a potion of haste
 k - 3 potions of curing
Comestibles
 c - 5 rations


   Skills:
 + Level 1.2 Fighting
 + Level 2.1 Dodging
 + Level 3.2 Stealth
 + Level 3.8 Spellcasting
 + Level 2.1 Conjurations
 + Level 4.0 Fire Magic


You had 3 spell levels left.
You knew the following spells:

 Your Spells              Type           Power        Failure   Level  Hunger
a - Flame Tongue          Conj/Fire      ##...        4%          1    None
b - Throw Flame           Conj/Fire      ##....       8%          2    ##.....
c - Inner Flame           Hex/Fire       #.......     22%         3    ###....
d - Conjure Flame         Conj/Fire      ##......     14%         3    ###....

Your spell library contained the following spells:

 Spells                   Type           Power        Failure   Level  Hunger
 Sticky Flame             Conj/Fire      ##......     43%         4    ####...
 Fireball                 Conj/Fire      ##........   80%         5    ######.


Dungeon Overview and Level Annotations

Branches:
Dungeon (3/15)

Altars:
Ru
Xom

Annotations:
D:3 2 runed doors


Innate Abilities, Weirdness & Mutations

You cannot be hasted, slowed, berserked, paralysed or teleported.
You can dig through walls and to a lower floor.
Your four strong arms can wield two-handed weapons with a shield.
You have a pair of large antennae on your head. (SInv)


Message History

There are no items here.
All of the chunks of flesh in your inventory have rotted away.
The orc wizard casts a spell.
The orc wizard blinks!
The orc priest calls upon Beogh to heal something.
You see here 13 stones.
The orc wizard mumbles some strange words.
The orc wizard blinks!
The orc wizard casts a spell.
The orc wizard blinks!
Casting: Flame Tongue (safe; 4% risk of failure)
Confirm with . or Enter, or press ? or * to list all spells.
Aiming: Flame Tongue (safe; 4% risk of failure)
Press: ? - help, Shift-Dir - straight line, f/p - orc wizard
Aim: an orc wizard, wielding a dagger and wearing a robe (heavily wounded, The flame tongue hits the orc wizard.
The orc wizard is severely wounded.
The orc wizard casts a spell at you. The magic dart hits you!
You die...

#..##.....♣♣..♣ ♣..#
#......)##.♣♣.♣♣♣♣♣♣.##
#.....o)###..♣.♣......#
#.....(o'.#......♣...##
#.#.....#.#..........##
#.#....................
# #...o...#.###########
#.......#.# ......
#...@...#.# ######
#.......#.# ####...o#.#
#.#....# #)######
#........ #########


You could see an orc priest, an orc wizard and 2 orcs.

Vanquished Creatures
  A jelly (D:2)
  An orc priest (D:3)
  Natasha (D:3)
  4 adders
  2 worms
  A dart slug (D:2)
  3 leopard geckos
  6 orcs
  2 giant cockroaches
  9 goblins
  5 hobgoblins
  4 jackals (D:2)
  10 kobolds
  A quokka (D:2)
  3 bats
  A frilled lizard (D:1)
  7 rats
61 creatures vanquished.

Notes
Turn   | Place    | Note
-------+----------+-------------------------------------------
     0 | D:1      | myga the Formicid Fire Elementalist began the quest for the
                  | Orb.
     0 | D:1      | Reached XP level 1. HP: 13/13 MP: 3/3
   398 | D:1      | Reached XP level 2. HP: 18/19 MP: 1/5
   525 | D:1      | Learned a level 2 spell: Throw Flame
  1153 | D:1      | Reached XP level 3. HP: 23/24 MP: 0/6
  1394 | D:2      | Reached skill level 1 in Conjurations
  1491 | D:2      | Learned a level 3 spell: Inner Flame
  1926 | D:2      | Reached XP level 4. HP: 30/30 MP: 1/8
  2000 | D:2      | Learned a level 3 spell: Conjure Flame
  2398 | D:2      | Reached XP level 5. HP: 36/36 MP: 1/9
  2617 | D:2      | Found a shimmering altar of Xom.
  2618 | D:2      | Found a shimmering altar of Xom.
  2618 | D:2      | Found a shimmering altar of Xom.
  2773 | D:3      | Noticed Natasha
  2777 | D:3      | Killed Natasha
  2777 | D:3      | Reached skill level 1 in Fighting
  3105 | D:3      | Reached skill level 4 in Fire Magic
  3170 | D:3      | Found a sacrificial altar of Ru.
  3193 | D:3      | Found a runed gate.
  3194 | D:3      | Found a runed gate.
  3213 | D:3      | Reached XP level 6. HP: 21/43 MP: 2/11
  3223 | D:3      | HP: 2/43 [orc/club (4)]
  3247 | D:3      | Killed from afar by an orc wizard

Skill      XL: |  1  2  3  4  5 |
---------------+----------------+-----
Stealth        | 3 |  3.2
Dodging        | 2 |  2.1
Conjurations   | 1 2 |  2.1
Spellcasting   | 3 |  3.8
Fighting       | 1 |  1.2
Fire Magic     | 4 |  4.0

Action                   |  1- 3 |  4- 6 || total
-------------------------+-------+-------++-------
Melee: Unarmed           |       |    15 ||    15
 Cast: Flame Tongue      |    35 |    68 ||   103
       Throw Flame       |    30 |    21 ||    51
       Inner Flame       |       |     1 ||     1
  Use: Potion            |       |     2 ||     2
       Scroll            |       |     4 ||     4
  Eat: Chunk             |     6 |     5 ||    11
Armor: Robe              |     8 |    10 ||    18
Dodge: Dodged            |    31 |    37 ||    68
